 Dungeon Crawl Stone Soup version 0.31-a0-705-ga145531891 (webtiles) character file.

Game seed: 741157936536421348

537 zazu2006 the Thaumaturge (level 7, -8/51 HPs)
             Began as a Gnoll Wanderer on Sept 10, 2023.
             Killed by divine providence
             ... invoked by an orc priest
              (15 damage)
             ... on level 4 of the Dungeon.
             The game lasted 00:12:11 (3772 turns).

zazu2006 the Thaumaturge (Gnoll Wanderer)           Turns: 3772, Time: 00:12:12

Health: -8/51      AC:  8    Str: 11    XL:     7   Next: 25%
Magic:  20/20      EV: 17    Int: 13    God:
Gold:   190        SH:  5    Dex: 14    Spells: 24/25 levels left

rFire   . . .        v - +3 mace of Arbitration {flame, Dex+2}
rCold   . . .        d - +0 buckler
rNeg    . . .        c - +0 robe
rPois   .            (no helmet)
rElec   .            (no cloak)
rCorr   .            (no gloves)
SInv    .            k - +1 pair of boots {rampage}
Will    .....        (no amulet)
Stlth   ++           j - +4 ring of protection
HPRegen 0.28/turn    s - +5 ring of evasion
MPRegen 0.17/turn

%: rampage
@: no status effects
A: fangs 1, strong nose, distributed training
a: no special abilities


You were on level 4 of the Dungeon.
You visited 1 branch of the dungeon, and saw 4 of its levels.
You also visited: Sewer.

You collected 190 gold pieces.

Inventory:

Hand Weapons
 t - a +1 short sword of speed
 v - the +3 mace of Arbitration (weapon) {flame, Dex+2}
   (You found it on level 2 of the Dungeon)

   Dex+2:     It affects your dexterity (+2).
Missiles
 o - a throwing net
Armour
 c - a +0 robe (worn)
 d - a +0 buckler (worn)
 h - a +0 leather armour
 k - a +1 pair of boots of rampaging (worn)
Jewellery
 j - a +4 ring of protection (left hand)
 s - a +5 ring of evasion (right hand)
Wands
 x - a wand of roots (7)
 y - a wand of mindburst (11)
Scrolls
 a - a scroll of butterflies {unknown}
 f - a scroll of teleportation
 l - a scroll of fog
 w - a scroll of immolation {unknown}
Potions
 b - 2 potions of lignification
 e - 4 potions of might {unknown}
 g - 2 potions of mutation {unknown}
 i - 2 potions of berserk rage {unknown}
 m - 6 potions of heal wounds
 n - 2 potions of resistance {unknown}
 p - 2 potions of haste {unknown}
 q - a potion of invisibility {unknown}
 r - a potion of brilliance {unknown}
 u - a potion of curing {unknown}


   Skills:
 + Level 2.4 Fighting
 + Level 2.4 Short Blades
 + Level 2.4 Long Blades
 + Level 2.4 Axes
 + Level 2.4 Maces & Flails
 + Level 2.4 Polearms
 + Level 2.4 Staves
 + Level 2.4 Ranged Weapons
 + Level 2.4 Throwing
 + Level 2.4 Armour
 + Level 2.4 Dodging
 + Level 3.4 Stealth
 + Level 5.2 Shields
 + Level 2.4 Unarmed Combat
 + Level 9.6 Spellcasting
 + Level 2.0 Conjurations
 + Level 2.9 Hexes
 + Level 4.3 Summonings
 + Level 2.0 Necromancy
 + Level 2.0 Translocations
 + Level 2.0 Transmutations
 + Level 2.0 Fire Magic
 + Level 2.0 Ice Magic
 + Level 2.0 Air Magic
 + Level 2.0 Earth Magic
 + Level 2.0 Poison Magic
 + Level 2.7 Invocations
 + Level 2.4 Evocations
 + Level 2.2 Shapeshifting


You had 24 spell levels left.
You knew the following spells:

 Your Spells              Type           Power      Damage    Failure   Level
a - Summon Small Mammal   Summ           68%        N/A       2%          1

Your spell library contained the following spells:

 Spells                   Type           Power      Damage    Failure   Level
 Jinxbite                 Hex            28%        N/A       7%          2
 Ensorcelled Hibernation  Hex/Ice        24%        N/A       9%          2
 Call Canine Familiar     Summ           17%        N/A       9%          3
 Summon Guardian Golem    Hex/Summ       15%        N/A       11%         3


Dungeon Overview and Level Annotations

Branches:
Dungeon (4/15)              Sewer (visited)
 Temple: D:4-7

Altars:
Ru

Annotations:
D:4 2 transporters


Innate Abilities, Weirdness & Mutations

You have very sharp teeth.
Your uncanny sense of smell can sniff out nearby items.
Your experience applies equally to all skills.


Message History

You barely miss the orc priest.
You bite the orc priest, but do no damage.
The orc priest is almost dead.
The orc barely misses you. The orc priest hits you with a +0 whip.
The orc barely misses you.
The orc priest invokes the aid of Beogh against you.
Pain shoots through your body!
* * * LOW HITPOINT WARNING * * *
You block the orc's attack.
The orc priest calls upon Beogh to heal the orc priest.
The orc priest is healed somewhat.
Unknown command.
You barely miss the orc priest.
The orc priest is severely wounded.
The orc priest hits you but does no damage.
The orc hits you but does no damage.
The orc priest hits you but does no damage.
The orc hits you but does no damage.
You barely miss the orc priest.
The orc priest is severely wounded.
The orc priest barely misses you. The orc misses you.
The orc priest misses you. The orc closely misses you.
You block the orc's attack. The orc priest barely misses you.
The orc hits you with a +0 whip.
* * * LOW HITPOINT WARNING * * *
You block the orc priest's attack.
You barely miss the orc priest.
The orc priest is severely wounded.
The orc priest completely misses you. The orc closely misses you.
You block the orc's attack. The orc priest closely misses you.
Unknown command.
You barely miss the orc priest.
The orc priest is severely wounded.
The orc priest hits you with a +0 trident.
* * * LOW HITPOINT WARNING * * *
The orc hits you with a +0 club.
* * * LOW HITPOINT WARNING * * *
The orc priest mumbles some strange prayers to Beogh against you.
Beogh smites you!
You die...

#.....#.#####..#S...~#.#
####.
#.......##.....#S...~#.# #.
##....#.##..<..###+###.# ##
###....'.##.#...#P./.P#.#
#......#>##.....#8.©.8#.#
#...##.#......#.#######.#
#..o##.......##....©....#
#..[########..o......######
#..o# ..##)o@o#.#.......#
#.ro# .oo##.#o.#...##..###
#..o##..........#[#.....####
#..o...o....)...#..>.......#
#...........................
###...........#.#....#...#..
#...........#.#.####......
#........... .#.. .....
#......).. .. .....


You could see an electric eel, 2 orc priests and 2 orcs.

Vanquished Creatures
  An ogre (D:4)
  2 hounds
  2 jellies (Sewer)
  An orc priest (D:4)
  7 adders
  4 gnolls
  A river rat (Sewer)
  A worm (D:3)
  4 ball pythons
  4 bats
  8 endoplasms
  5 giant cockroaches
  4 goblins
  6 hobgoblins
  4 jackals (D:1)
  6 frilled lizards
  3 kobolds
  7 rats
  A spectral hobgoblin (D:1)
71 creatures vanquished.

Vanquished Creatures (collateral kills)
  3 jellies (Sewer)
  A river rat (Sewer)
  4 endoplasms
  5 giant cockroaches
  A goblin (D:1)
  2 hobgoblins
  2 kobolds
  A quokka (D:1)
  3 ball pythons
  3 bats (D:1)
  2 frilled lizards (Sewer)
  3 rats
30 creatures vanquished.

Grand Total: 101 creatures vanquished

Notes
Turn   | Place    | Note
-------+----------+-------------------------------------------
     0 | D:1      | Reached skill level 9 in Spellcasting
     0 | D:1      | zazu2006 the Gnoll Wanderer began the quest for the Orb.
     0 | D:1      | zazu2006 set off with the following items: a +0 dagger, a
                  | potion of lignification, a +0 robe, a +0 buckler; and the
                  | following spell memorised: Summon Small Mammal; and the
                  | following spells available to memorise: Jinxbite, Call
                  | Canine Familiar, Summon Guardian Golem, Ensorcelled
                  | Hibernation.
     0 | D:1      | Reached XP level 1. HP: 13/13 MP: 10/10
   185 | D:1      | Reached XP level 2. HP: 18/19 MP: 12/12
   244 | D:1      | Found a faded altar of an unknown god.
   524 | D:1      | Reached XP level 3. HP: 19/25 MP: 13/13
   950 | D:1      | Reached skill level 1 in Invocations
  1037 | D:2      | Found a sacrificial altar of Ru.
  1127 | D:2      | Reached skill level 1 in Fighting
  1127 | D:2      | Reached skill level 1 in Short Blades
  1127 | D:2      | Reached skill level 1 in Long Blades
  1127 | D:2      | Reached skill level 1 in Axes
  1127 | D:2      | Reached skill level 1 in Maces & Flails
  1127 | D:2      | Reached skill level 1 in Polearms
  1127 | D:2      | Reached skill level 1 in Staves
  1127 | D:2      | Reached skill level 1 in Ranged Weapons
  1127 | D:2      | Reached skill level 1 in Throwing
  1127 | D:2      | Reached skill level 1 in Armour
  1127 | D:2      | Reached skill level 1 in Dodging
  1127 | D:2      | Reached skill level 1 in Unarmed Combat
  1127 | D:2      | Reached skill level 1 in Evocations
  1267 | D:2      | Reached skill level 1 in Shapeshifting
  1267 | D:2      | Reached XP level 4. HP: 32/32 MP: 15/15
  1300 | D:2      | You fall into a shaft and drop 2 floors!
  1300 | D:4      | Found a transporter.
  1318 | D:4      | Found a transporter.
  1353 | D:4      | Reached skill level 1 in Conjurations
  1353 | D:4      | Reached skill level 1 in Necromancy
  1353 | D:4      | Reached skill level 1 in Translocations
  1353 | D:4      | Reached skill level 1 in Transmutations
  1353 | D:4      | Reached skill level 1 in Fire Magic
  1353 | D:4      | Reached skill level 1 in Ice Magic
  1353 | D:4      | Reached skill level 1 in Air Magic
  1353 | D:4      | Reached skill level 1 in Earth Magic
  1353 | D:4      | Reached skill level 1 in Poison Magic
  1722 | D:3      | Reached XP level 5. HP: 37/37 MP: 16/16
  1790 | D:3      | Found a glowing drain.
  1853 | Sewer    | Entered a sewer
  2181 | Sewer    | Found a viscous altar of Jiyva.
  2199 | Sewer    | Reached XP level 6. HP: 39/44 MP: 14/18
  2295 | Sewer    | Reached skill level 5 in Shields
  3137 | D:2      | Identified the +3 mace of Arbitration {flame, Dex+2}
  3615 | D:4      | Reached XP level 7. HP: 17/51 MP: 20/20
  3772 | D:4      | Killed from afar by an orc priest

Illustrated notes

Levels and vault maps discovered:
D:1:      dpeg_arrival_boxes_within_box, layout_basic, serial_glass,
          glass_columns_c, glass_columns_a, glass_columns_b, glass_columns_c,
          glass_columns_c, glass_columns_a, glass_columns_a, glass_columns_a,
          dreamdust_ecumenical_altar_drowned_temple, serial_bayou_pond_a,
          minmay_small_reverse_x
D:2:      layout_loops_ring, serial_aquarium, aquarium_bridge_straight
          [aquarium_subvault_bridge, aquarium_subvault_balcony,
          aquarium_subvault_bridge, aquarium_subvault_wall], aquarium_window_1,
          aquarium_window_fake, aquarium_window_corner, aquarium_view_2a,
          aquarium_balcony_3b, aquarium_pool_double, basic_altar,
          kennysheep_pointless_box, minmay_indecisive_spiral
D:3:      layout_basic, gup_sewer_entry_glass, serial_bayou_lagoon_b
D:4:      gammafunk_steamed_eel, layout_basic, nzn_wu_jian_contemplation,
          minmay_rat_hole

Skill      XL: |  1  2  3  4  5  6  7 |
---------------+----------------------+-----
Spellcasting   | |  9.6
Hexes          | 2 |  2.9
Invocations    | 1 2 |  2.7
Fighting       | 1 2 |  2.4
Short Blades   | 1 2 |  2.4
Long Blades    | 1 2 |  2.4
Axes           | 1 2 |  2.4
Maces & Flails | 1 2 |  2.4
Polearms       | 1 2 |  2.4
Staves         | 1 2 |  2.4
Ranged Weapons | 1 2 |  2.4
Throwing       | 1 2 |  2.4
Armour         | 1 2 |  2.4
Dodging        | 1 2 |  2.4
Unarmed Combat | 1 2 |  2.4
Evocations     | 1 2 |  2.4
Shapeshifting  | 1 2 |  2.2
Conjurations   | 1 2 |  2.0
Necromancy     | 1 2 |  2.0
Translocations | 1 2 |  2.0
Transmutations | 1 2 |  2.0
Fire Magic     | 1 2 |  2.0
Ice Magic      | 1 2 |  2.0
Air Magic      | 1 2 |  2.0
Earth Magic    | 1 2 |  2.0
Poison Magic   | 1 2 |  2.0
Summonings     | 4 |  4.3
Stealth        | 3 |  3.4
Shields        | 5 |  5.2

Action                     |  1- 3 |  4- 6 |  7- 9 || total
---------------------------+-------+-------+-------++-------
  Melee: Dagger            |   180 |   243 |       ||   423
         Bite              |    20 |    26 |     2 ||    48
         Mace              |       |    30 |    11 ||    41
   Cast: Summon Small Mamm |    13 |    61 |       ||    74
    Use: Scroll            |       |     4 |       ||     4
         Potion            |       |       |     1 ||     1
   Stab: Distracted        |     1 |       |       ||     1
         Sleeping          |     1 |     7 |       ||     8
 Armour: Robe              |   111 |   135 |    14 ||   260
  Dodge: Dodged            |   116 |   149 |    26 ||   291
  Block: Buckler           |    52 |    65 |     7 ||   124

Table legend: (Time is in decaauts)
 A = Elapsed time spent in this place.
 B = Non-inter-level travel time spent in this place.
 C = Inter-level travel time spent in this place.
 D = Time resting spent in this place.
 E = Time spent auto-exploring this place.
 F = Levels seen in this place.
 G = Mean time per level.
                   A        B        C        D        E       F      G
               +--------+--------+--------+--------+--------+-----+--------+
         Total |   3846 |   3718 |    128 |     39 |   2518 |   5 |  769.2 |
       Dungeon |   3202 |   3074 |    128 |     39 |   2126 |   4 |  800.5 |
         Sewer |    643 |    643 |      0 |      0 |    392 |   1 |  643.0 |
               +--------+--------+--------+--------+--------+-----+--------+

Top non-repeatable levels by time:
     D:1: 1009 daAuts
     D:2: 851 daAuts
     D:3: 850 daAuts
   Sewer: 643 daAuts
     D:4: 492 daAuts
